 Dungeon Crawl Stone Soup version 0.31-a0-983-g7b6862f502 (webtiles) character file.

Game seed: 138143814555873490

217 Firecrotchwizard the Ruffian (level 5, 0/47 HPs)
             Began as a Ghoul Monk on Nov 3, 2023.
             Slain by an ogre
             ... wielding a +0 giant club
              (27 damage)
             ... on level 4 of the Dungeon.
             The game lasted 00:07:17 (2728 turns).

Firecrotchwizard the Ruffian (Ghoul Monk)           Turns: 2728, Time: 00:07:18

Health: 0/47       AC:  8    Str: 23    XL:     5   Next: 94%
Magic:  4/4        EV: 10    Int:  5    God:
Gold:   185        SH:  0    Dex: 11    Spells: 4/4 levels left

rFire   + .          .
                       - Unarmed
rCold   + . .        c - orb {light}
rNeg    + + +        o - +1 scale mail {rF+}
rPois   ∞            (no helmet)
rElec   .            p - +0 cloak
rCorr   .            (no gloves)
SInv    .            (no boots)
Will    .....        (no amulet) Stlth
                     m - +6 ring of strength
HPRegen 0.00/turn    (no ring)
MPRegen 0.09/turn

%: no passive effects
@: inhibited regen, glowing
A: claws 1, cold resistance 1, negative energy resistance 3, inhibited
regeneration, torment resistance 2, devour on kill
a: no special abilities


You were on level 4 of the Dungeon.
You visited 2 branches of the dungeon, and saw 5 of its levels.

You collected 185 gold pieces.

Inventory:

Armour
 a - a +0 robe
 c - an orb of light (worn)
 k - a +0 ring mail
 o - a +1 scale mail of fire resistance (worn)
 p - a +0 cloak (worn)
Jewellery
 m - a +6 ring of strength (left claw)
 w - a ring of flight
Scrolls
 e - a scroll of amnesia {unknown}
 f - 3 scrolls of teleportation {unknown}
 g - 4 scrolls of identify {unknown}
 h - 2 scrolls of noise {unknown}
 l - a scroll of acquirement {unknown}
 q - a scroll of butterflies {unknown}
 u - a scroll of fear {unknown}
 x - a scroll of enchant weapon {unknown}
Potions
 b - 2 potions of ambrosia
 d - a potion of lignification {unknown}
 i - 2 potions of heal wounds {unknown}
 j - 2 potions of enlightenment {unknown}
 n - a potion of experience {unknown}
 r - 2 potions of curing {unknown}
 s - 3 potions of mutation {unknown}
 t - a potion of attraction {unknown}
 v - 2 potions of brilliance {unknown}


   Skills:
 + Level 4.8 Fighting
 - Level 2.6 Dodging
 * Level 6.0 Unarmed Combat


You had 4 spell levels left.
You didn't know any spells.
Your spell library contained the following spells:

 Spells                   Type           Power      Damage    Failure   Level
 Lesser Beckoning         Tloc           0%         N/A       91%         2
 Gell's Gravitas          Tloc           0%         N/A       99%         3
 Teleport Other           Tloc           0%         N/A       99%         3


Dungeon Overview and Level Annotations

Branches:
Dungeon (4/15)             Temple (1/1) D:4

Altars:
Fedhas
Gozag
Hepliaklqana
Okawaru
Ru
Sif Muna
Trog
Uskayaw
Vehumet
Xom


Innate Abilities, Weirdness & Mutations

You are immune to poison.
You have sharp fingernails.
Your flesh is cold resistant. (rC+)
You are immune to negative energy. (rN+++)
You do not regenerate when monsters are visible.
You are immune to unholy pain and torment.
You thrive by killing the living.


Message History

The sleepcap releases spores at you.
You claw the sleepcap!
The sleepcap is heavily damaged.
You claw the sleepcap!
The sleepcap is severely damaged.
The sleepcap closely misses you.
You scratch the sleepcap.
The sleepcap is almost destroyed.
The sleepcap releases spores at you.
You scratch the sleepcap.
You destroy the sleepcap!
You feel better.
Your Unarmed Combat skill increases to level 6!
Things that are here:
a +0 dagger; a +0 robe; an orc corpse HP restored.
There is a stone staircase leading down, spattered with blood here.
Items here: ( )) [ †.
Found a stone staircase leading up.
A kobold comes into view. It is wielding a +0 short sword.
The kobold shouts!
You scratch the kobold.
You kill the kobold!
w - a ring of flight
x - a scroll labelled LAJ AWUSULE
Found a sacrificial altar of Ru.
A kobold comes into view.
It is wielding a +0 club and quivering poisoned darts.
The kobold shouts!
A hobgoblin comes into view.
The hobgoblin shouts!
The kobold closely misses you.
You scratch the kobold.
The kobold is severely wounded.
The kobold hits you but does no damage.
The hobgoblin hits you but does no damage.
You claw the kobold!
You kill the kobold!
The hobgoblin hits you.
You claw the hobgoblin!
You kill the hobgoblin!
You feel better.
No target in view!
There is a sacrificial altar of Ru here.
Things that are here:
a +0 club; 8 poisoned darts You see here a +0 short sword.
You open the door.
Found a staircase to the Ecumenical Temple.
There is an open door here.
There is a staircase to the Ecumenical Temple here.
You climb downwards.
Welcome to the Ecumenical Temple!
Found two altars.
Found a staircase back to the Dungeon.
There is a staircase back to the Dungeon here.
Done exploring.
Search for what [? for help]? mak Can't find anything matching that.
Search for what [Enter for "mak", or ? for help]? alt You climb upwards.
Welcome back to the Dungeon!
There is a staircase to the Ecumenical Temple here.
There is an open door here.
You now have 170 gold pieces (gained 16).
Found a stone staircase leading down.
Found a pair of gloves.
There is an open door here.
Found a stone staircase leading up.
You now have 185 gold pieces (gained 15).
Found a hat.
You see here a +0 hat.
You see here 5 stones.
Found a hand axe.
You see here 7 stones.
Found a whip.
You see here a +0 whip.
You open the door.
An ogre and 5 goblins come into view.
A goblin is wielding a +1 dagger of holy wrath.
The goblin shouts! x4; You hear a shout!
Found 6 large rocks.
You claw the goblin!
You kill the goblin!
A goblin comes into view. It is wielding a +0 club.
You scratch the goblin but do no damage.
The goblin hits you with a +0 club.
You claw the goblin!
You kill the goblin!
You feel better.
You claw the goblin!
You kill the goblin!
You claw the goblin!
You kill the goblin!
You scratch the ogre.
The ogre is lightly wounded.
The ogre hits you with a +0 giant club!!
You scratch the ogre.
The ogre is lightly wounded.
You claw the ogre!
The ogre is severely wounded.
The ogre hits you with a +0 giant club!!
Ouch! That really hurt!
You die...

##.##.##.# #..#.# #.#
##.##.##.# ##.#.# #.#
##.#.....### #<..# #.#
#.#.......####### #.#
##'#..).....#(. #.#
#..........##g. ####.#
#........#..#.. #....#
......#.##.###g###.###
......#.##.# #gO@..#
...........# #######
.#....#....#
......#.#.######
...............#
...............#
...............#
##.............#
#.............#


You could see an ogre and 2 goblins.

Vanquished Creatures
  A sleepcap (D:4)
  Terence (D:2)
  An orc wizard (D:4)
  4 adders
  3 worms
  A dart slug (D:1)
  6 orcs
  8 ball pythons
  5 bats
  4 endoplasms
  A giant cockroach (D:1)
  13 goblins
  6 hobgoblins
  8 jackals (D:1)
  8 kobolds
  3 quokkas
  4 frilled lizards
  9 rats
86 creatures vanquished.

Notes
Turn   | Place    | Note
-------+----------+-------------------------------------------
     0 | D:1      | Firecrotchwizard the Ghoul Monk began the quest for the
                  | Orb.
     0 | D:1      | Reached XP level 1. HP: 19/19 MP: 0/0
   106 | D:1      | Reached XP level 2. HP: 24/26 MP: 1/1
   189 | D:1      | Reached skill level 4 in Unarmed Combat
   306 | D:1      | Reached XP level 3. HP: 31/33 MP: 2/2
   780 | D:2      | Reached XP level 4. HP: 36/40 MP: 3/3
   995 | D:2      | Noticed Terence
  1003 | D:2      | Killed Terence
  1004 | D:2      | Reached skill level 5 in Unarmed Combat
  1438 | D:3      | Reached XP level 5. HP: 47/47 MP: 4/4
  1480 | D:3      | Found an iron altar of Okawaru.
  2273 | D:4      | Reached skill level 6 in Unarmed Combat
  2401 | D:4      | Found a sacrificial altar of Ru.
  2508 | D:4      | Found a staircase to the Ecumenical Temple.
  2516 | Temple   | Entered the Ecumenical Temple
  2719 | D:4      | Noticed an ogre
  2728 | D:4      | Slain by an ogre

Illustrated notes

Levels and vault maps discovered:
D:1:      kennysheep_arrival_forest, layout_basic
D:2:      layout_basic, chequers_serial_rivers_micro_b, uniq_terence
D:3:      layout_basic, general_overflow_altar
D:4:      layout_basic, mainiacjoe_overflow_paths,
          minmay_temple_entry_enclosed_plants, minmay_ogre_servants
Temple:   hellmonk_temple_of_storms

Skill      XL: |  1  2  3  4  5 |
---------------+----------------+-----
Unarmed Combat | 4 5 6 |  6.0
Fighting       | 4 |  4.8
Dodging        | |  2.6

Action                     |  1- 3 |  4- 6 || total
---------------------------+-------+-------++-------
  Melee: Unarmed           |    89 |   119 ||   208
 Armour: Robe              |    37 |       ||    37
         Ring mail         |    20 |    16 ||    36
         Scale mail        |       |    46 ||    46
  Dodge: Dodged            |    76 |    55 ||   131

Table legend: (Time is in decaauts)
 A = Elapsed time spent in this place.
 B = Non-inter-level travel time spent in this place.
 C = Inter-level travel time spent in this place.
 D = Time resting spent in this place.
 E = Time spent auto-exploring this place.
 F = Levels seen in this place.
 G = Mean time per level.
                   A        B        C        D        E       F      G
               +--------+--------+--------+--------+--------+-----+--------+
         Total |   2710 |   2628 |     82 |     56 |   2087 |   5 |  542.0 |
       Dungeon |   2708 |   2627 |     81 |     56 |   2087 |   4 |  677.0 |
        Temple |      1 |      0 |      1 |      0 |      0 |   1 |    1.0 |
               +--------+--------+--------+--------+--------+-----+--------+

Top non-repeatable levels by time:
     D:1: 725 daAuts
     D:3: 701 daAuts
     D:2: 644 daAuts
     D:4: 637 daAuts
  Temple: 1 daAuts
